3AAA
SUNSET DISTRICT FOG @ ALLOWAY HALBERDS
08/23/2032
 
TOP OF THE 1ST
Sunset District Fog batting - Pitching for Alloway Halberds : RHP Nicholas Beyer
Pitching: RHP Nicholas Beyer
Batting: RHB Luis Rodríguez 0-0: Swinging Strike
0-1: Ball
1-1: Swinging Strike
1-2: Strikes out looking
Batting: RHB Chad Shafer 0-0: Ball
1-0: Ball
2-0: Foul Ball, location: 2F
2-1: Swinging Strike
2-2: Strikes out swinging
Batting: LHB Ieyoshi Samurakami 0-0: Fly out, F7 (Flyball, 7LM)
Top of the 1st over - 0 runs, 0 hits, 0 errors, 0 left on base; Sunset District 0 - Alloway 0
BOTTOM OF THE 1ST
Alloway Halberds batting - Pitching for Sunset District Fog : LHP Felipe Lozano
Pitching: LHP Felipe Lozano
Batting: RHB José Alcalá 0-0: Called Strike
0-1: Foul Ball, location: 2F
0-2: SINGLE (Line Drive, 89S)
Batting: RHB Ethan Stanford 0-0: Ball
1-0: Grounds into double play, 6-4-3 (Groundball, 6)
Batting: RHB Manny Gonzáles 0-0: Fly out, F8 (Flyball, 8LD)
Bottom of the 1st over - 0 runs, 1 hit, 0 errors, 0 left on base; Sunset District 0 - Alloway 0
TOP OF THE 2ND
Sunset District Fog batting - Pitching for Alloway Halberds : RHP Nicholas Beyer
Batting: SHB Charles Weber 0-0: Called Strike
0-1: Ball
1-1: Foul Ball, location: 2F
1-2: Ball
2-2: Foul Ball, location: 2F
2-2: Ball
3-2: Foul Ball, location: 2F
3-2: Fly out, F8 (Line Drive, 8LM)
Batting: LHB Arnold England 0-0: Ball
1-0: Fly out, F9 (Flyball, 89M)
Batting: LHB Armando Carmona 0-0: SINGLE (Line Drive, 7LS)
Batting: LHB Bob Maher 0-0: Fly out, F9 (Flyball, 89D)
Top of the 2nd over - 0 runs, 1 hit, 0 errors, 1 left on base; Sunset District 0 - Alloway 0
BOTTOM OF THE 2ND
Alloway Halberds batting - Pitching for Sunset District Fog : LHP Felipe Lozano
Batting: RHB Juan Salinas 0-0: Ground out 5-3 (Groundball, 56)
Batting: LHB Mike Clifton 0-0: Ball
1-0: Ball
2-0: Ball
3-0: Base on Balls
Batting: RHB Carlos De Jesús 0-0: Called Strike
0-1: Ball
1-1: Foul Ball, location: 2F
1-2: Ball
2-2: Ball
3-2: Foul Ball, location: 2F
3-2: Grounds into double play, 1-6-3 (Groundball, P)
Bottom of the 2nd over - 0 runs, 0 hits, 0 errors, 0 left on base; Sunset District 0 - Alloway 0
TOP OF THE 3RD
Sunset District Fog batting - Pitching for Alloway Halberds : RHP Nicholas Beyer
Batting: RHB Rob Ingram 0-0: Called Strike
0-1: Foul Ball, location: 2F
0-2: Strikes out looking
Batting: SHB Esteban Lugo 0-0: Ball
1-0: SINGLE (Groundball, 4D)
Batting: RHB Luis Rodríguez 0-0: Called Strike
Esteban Lugo steals 2nd base
0-1: Foul Ball, location: 2F
0-2: Strikes out swinging
Batting: RHB Chad Shafer 0-0: Ball
1-0: Ball
2-0: Reached on error, E6 (Groundball, 6)
Esteban Lugo to third
Batting: LHB Ieyoshi Samurakami 0-0: 3-RUN HOME RUN (Flyball, 9LD), Distance : 359 ft
Batting: SHB Charles Weber 0-0: Called Strike
0-1: Ball
1-1: Swinging Strike
1-2: Foul Ball, location: 2F
1-2: Foul Ball, location: 2F
1-2: Strikes out swinging
Top of the 3rd over - 3 runs, 2 hits, 1 error, 0 left on base; Sunset District 3 - Alloway 0
BOTTOM OF THE 3RD
Alloway Halberds batting - Pitching for Sunset District Fog : LHP Felipe Lozano
Batting: RHB Tracy Parker 0-0: Ball
1-0: Fly out, F4 (Popup, 34D)
Batting: RHB Bass Reeves 0-0: Called Strike
0-1: Hit by Pitch
Batting: RHB Stewart Ralston 0-0: Foul Ball, location: 2F
0-1: SINGLE (Groundball, 2L) (infield hit)
Bass Reeves to second
Batting: RHB José Alcalá 0-0: Foul Ball, location: 2F
0-1: Ball
1-1: Called Strike
1-2: Foul Ball, location: 2F
1-2: Foul Ball, location: 2F
1-2: Foul Ball, location: 2F
1-2: Foul Ball, location: 2F
1-2: Ball
2-2: Ball
3-2: Fly out, F3 (Popup, 23F)
Batting: RHB Ethan Stanford 0-0: Called Strike
0-1: Ball
1-1: Ball
2-1: Ball
3-1: Base on Balls
Bass Reeves to third
Stewart Ralston to second
Batting: RHB Manny Gonzáles 0-0: Ball
1-0: Ball
2-0: Ball
3-0: Base on Balls
Bass Reeves scores
Stewart Ralston to third
Ethan Stanford to second
Batting: RHB Juan Salinas 0-0: Ball
1-0: Called Strike
1-1: Ball
2-1: Ball
3-1: Swinging Strike
3-2: Foul Ball, location: 2F
3-2: Ground out 5-3 (Groundball, 56S)
Bottom of the 3rd over - 1 run, 1 hit, 0 errors, 3 left on base; Sunset District 3 - Alloway 1
TOP OF THE 4TH
Sunset District Fog batting - Pitching for Alloway Halberds : RHP Nicholas Beyer
Batting: LHB Arnold England 0-0: Foul Ball, location: 2F
0-1: Ball
1-1: Ground out 4-3 (Groundball, 4)
Batting: LHB Armando Carmona 0-0: Ball
1-0: Fly out, F8 (Flyball, 8LM)
Batting: LHB Bob Maher 0-0: Ball
1-0: SINGLE (Groundball, 4D)
Batting: RHB Rob Ingram 0-0: Ball
1-0: Ball
2-0: Called Strike
2-1: SINGLE (Line Drive, 89S)
Bob Maher to second
Batting: SHB Esteban Lugo 0-0: Called Strike
0-1: Ball
1-1: Ball
2-1: Called Strike
2-2: Strikes out swinging
Top of the 4th over - 0 runs, 2 hits, 0 errors, 2 left on base; Sunset District 3 - Alloway 1
BOTTOM OF THE 4TH
Alloway Halberds batting - Pitching for Sunset District Fog : LHP Felipe Lozano
Batting: LHB Mike Clifton 0-0: Foul Ball, location: 2F
0-1: Called Strike
0-2: Foul Ball, location: 2F
0-2: Ball
1-2: Ball
2-2: Ball
3-2: Foul Ball, location: 2F
3-2: SINGLE (Groundball, 56D)
Batting: RHB Carlos De Jesús 0-0: Called Strike
0-1: Ball
1-1: Fly out, F5 (Popup, 5SF)
Batting: RHB Tracy Parker 0-0: Ball
1-0: SINGLE (Groundball, 56D)
Mike Clifton to second
Batting: RHB Bass Reeves 0-0: Foul Ball, location: 2F
0-1: Fly out, F9 (Flyball, 89M)
Batting: RHB Stewart Ralston 0-0: Ball
1-0: Called Strike
1-1: Called Strike
1-2: Fielders Choice at 2nd, 6-4 (Groundball, 6)
Bottom of the 4th over - 0 runs, 2 hits, 0 errors, 2 left on base; Sunset District 3 - Alloway 1
TOP OF THE 5TH
Sunset District Fog batting - Pitching for Alloway Halberds : RHP Nicholas Beyer
Batting: RHB Luis Rodríguez 0-0: Foul Ball, location: 2F
0-1: Swinging Strike
0-2: Ball
1-2: Ball
2-2: Strikes out swinging
Batting: RHB Chad Shafer 0-0: Called Strike
0-1: Ball
1-1: Foul Ball, location: 2F
1-2: Ball
2-2: Ball
3-2: Fly out, F5 (Line Drive, 5S)
Batting: LHB Ieyoshi Samurakami 0-0: Foul Ball, location: 2F
0-1: Ball
1-1: Foul Ball, location: 2F
1-2: Ball
2-2: Strikes out swinging
Top of the 5th over - 0 runs, 0 hits, 0 errors, 0 left on base; Sunset District 3 - Alloway 1
BOTTOM OF THE 5TH
Alloway Halberds batting - Pitching for Sunset District Fog : LHP Felipe Lozano
Batting: RHB José Alcalá 0-0: Ball
1-0: Ball
2-0: Fly out, F8 (Flyball, 8RM)
Batting: RHB Ethan Stanford 0-0: Called Strike
0-1: Called Strike
0-2: Ball
1-2: Ball
2-2: Ball
3-2: Base on Balls
Batting: RHB Manny Gonzáles 0-0: Ball
1-0: Fly out, F9 (Flyball, 9LS)
Batting: RHB Juan Salinas 0-0: Fielders Choice at 2nd, 5-4 (Groundball, 56)
Bottom of the 5th over - 0 runs, 0 hits, 0 errors, 1 left on base; Sunset District 3 - Alloway 1
TOP OF THE 6TH
Sunset District Fog batting - Pitching for Alloway Halberds : RHP Nicholas Beyer
Batting: SHB Charles Weber 0-0: Ball
1-0: Ball
2-0: Called Strike
2-1: Foul Ball, location: 2F
2-2: Strikes out looking
Batting: LHB Arnold England 0-0: Ball
1-0: Foul Ball, location: 2F
1-1: Ball
2-1: Ball
3-1: Foul Ball, location: 2F
3-2: Foul Ball, location: 2F
3-2: Fly out, F7 (Flyball, 7S)
Batting: LHB Armando Carmona 0-0: Called Strike
0-1: Ball
1-1: Called Strike
1-2: Ball
2-2: Ball
3-2: SINGLE (Flyball, 9LS)
Batting: LHB Bob Maher 0-0: Called Strike
0-1: Ball
1-1: Ball
2-1: Foul Ball, location: 2F
2-2: Foul Ball, location: 2F
2-2: Ball
3-2: Foul Ball, location: 2F
3-2: Fly out, F8 (Flyball, 8RS)
Top of the 6th over - 0 runs, 1 hit, 0 errors, 1 left on base; Sunset District 3 - Alloway 1
BOTTOM OF THE 6TH
Alloway Halberds batting - Pitching for Sunset District Fog : LHP Felipe Lozano
Batting: LHB Mike Clifton 0-0: Foul Ball, location: 2F
0-1: SINGLE (Groundball, 56D)
Batting: RHB Carlos De Jesús 0-0: Called Strike
0-1: SINGLE (Line Drive, 78S)
Mike Clifton to second
Batting: RHB Tracy Parker 0-0: Called Strike
0-1: Ball
1-1: Fly out, F9 (Flyball, 89S)
Batting: RHB Bass Reeves 0-0: Ball
1-0: Swinging Strike
1-1: Fly out, F8 (Flyball, 8RS)
Pitching: LHP Washington Scarpenti
Batting: RHB Stewart Ralston 0-0: Foul Ball, location: 2F
0-1: Swinging Strike
0-2: Strikes out swinging
Bottom of the 6th over - 0 runs, 2 hits, 0 errors, 2 left on base; Sunset District 3 - Alloway 1
TOP OF THE 7TH
Sunset District Fog batting - Pitching for Alloway Halberds : RHP Nicholas Beyer
Batting: RHB Rob Ingram 0-0: Ball
1-0: Foul Ball, location: 2F
1-1: Called Strike
1-2: Ball
2-2: Ball
3-2: Strikes out swinging
Batting: SHB Esteban Lugo 0-0: Ball
1-0: Fly out, F4 (Popup, 4MS)
Batting: RHB Luis Rodríguez 0-0: Called Strike
0-1: Ball
1-1: Ground out 4-3 (Groundball, 4)
Top of the 7th over - 0 runs, 0 hits, 0 errors, 0 left on base; Sunset District 3 - Alloway 1
BOTTOM OF THE 7TH
Alloway Halberds batting - Pitching for Sunset District Fog : LHP Washington Scarpenti
Batting: RHB José Alcalá 0-0: Swinging Strike
0-1: Foul Ball, location: 2F
0-2: Ball
1-2: Ball
2-2: Fly out, F9 (Flyball, 89D)
Batting: RHB Ethan Stanford 0-0: Called Strike
0-1: Ball
1-1: SINGLE (Flyball, 89S)
Batting: RHB Manny Gonzáles Pickoff Throw to First - Out!
0-0: Ball
1-0: Ball
2-0: Foul Ball, location: 2F
2-1: Foul Ball, location: 2F
2-2: Strikes out looking
Bottom of the 7th over - 0 runs, 1 hit, 0 errors, 0 left on base; Sunset District 3 - Alloway 1
TOP OF THE 8TH
Sunset District Fog batting - Pitching for Alloway Halberds : RHP Nicholas Beyer
Pitching: RHP Joe Martarano
Batting: RHB Chad Shafer 0-0: Fly out, F8 (Flyball, 8RD)
Batting: LHB Ieyoshi Samurakami 0-0: Ball
1-0: Fly out, F9 (Flyball, 89D)
Batting: SHB Charles Weber 0-0: Ground out 4-3 (Groundball, 4)
Top of the 8th over - 0 runs, 0 hits, 0 errors, 0 left on base; Sunset District 3 - Alloway 1
BOTTOM OF THE 8TH
Alloway Halberds batting - Pitching for Sunset District Fog : LHP Washington Scarpenti
Batting: RHB Juan Salinas 0-0: Ball
1-0: Foul Ball, location: 2F
1-1: Ball
2-1: Ball
3-1: Swinging Strike
3-2: Foul Ball, location: 2F
3-2: Strikes out swinging
Batting: LHB Mike Clifton 0-0: Foul Ball, location: 2F
0-1: Foul Ball, location: 2F
0-2: Ball
1-2: Foul Ball, location: 2F
1-2: Ball
2-2: Ball
3-2: Base on Balls
Batting: RHB Carlos De Jesús 0-0: Called Strike
0-1: Ball
1-1: Called Strike
1-2: Foul Ball, location: 2F
1-2: Foul Ball, location: 2F
1-2: Foul Ball, location: 2F
1-2: Foul Ball, location: 2F
1-2: Ball
2-2: Fly out, F5 (Popup, 6S)
Batting: RHB Tracy Parker 0-0: Ball
1-0: Called Strike
1-1: Foul Ball, location: 2F
1-2: Ball
2-2: Ball
3-2: Base on Balls
Mike Clifton to second
Pitching: RHP Larry Strozier
Batting: RHB Bass Reeves 0-0: Called Strike
0-1: Ground out 5-3 (Groundball, 25)
Bottom of the 8th over - 0 runs, 0 hits, 0 errors, 2 left on base; Sunset District 3 - Alloway 1
TOP OF THE 9TH
Sunset District Fog batting - Pitching for Alloway Halberds : RHP Joe Martarano
Batting: LHB Arnold England 0-0: Swinging Strike
0-1: Called Strike
0-2: Ball
1-2: Foul Ball, location: 2F
1-2: Strikes out swinging
Batting: LHB Armando Carmona 0-0: Ball
1-0: Called Strike
1-1: Called Strike
1-2: SINGLE (Groundball, 6D)
Batting: LHB Bob Maher 0-0: Ball
1-0: Swinging Strike
1-1: Foul Ball, location: 2F
1-2: Ground out 4-3 (Groundball, 4)
Armando Carmona to second
Batting: RHB Rob Ingram 0-0: Ball
1-0: Ball
2-0: Ball
3-0: Called Strike
3-1: Foul Ball, location: 2F
3-2: Base on Balls
Batting: SHB Esteban Lugo 0-0: Fly out, F8 (Flyball, 8LXD)
Top of the 9th over - 0 runs, 1 hit, 0 errors, 2 left on base; Sunset District 3 - Alloway 1
BOTTOM OF THE 9TH
Alloway Halberds batting - Pitching for Sunset District Fog : RHP Larry Strozier
Pitching: RHP Michael Brown
Batting: RHB Stewart Ralston 0-0: Called Strike
0-1: Ball
1-1: Ball
2-1: Ball
3-1: Base on Balls
Batting: RHB José Alcalá 0-0: Swinging Strike
0-1: Ball
1-1: Fly out, F9 (Flyball, 9D)
Batting: RHB Ethan Stanford 0-0: Ball
1-0: Ball
2-0: Ball
3-0: Base on Balls
Stewart Ralston to second
Batting: RHB Manny Gonzáles 0-0: Foul Ball, location: 2F
0-1: Swinging Strike
0-2: Strikes out swinging
Batting: RHB Juan Salinas 0-0: Ball
1-0: Fly out, F7 (Line Drive, 7)
Bottom of the 9th over - 0 runs, 0 hits, 0 errors, 2 left on base; Sunset District 3 - Alloway 1
Wednesday, September 19th, 2018 - OOTP Baseball 18.8 Build 76